 Dungeon Crawl Stone Soup version 0.16.1-2-g95b8d4c (webtiles) character file.

196 RobertPalmer the Cutter (level 5, -3/34 HPs)
             Began as an Octopode Warper on Mar 26, 2015.
             Slain by a gnoll
             ... wielding a +0 spear
              (6 damage)
             ... on level 2 of the Dungeon.
             The game lasted 00:05:20 (3235 turns).

RobertPalmer the Cutter (Octopode Warper)           Turns: 3235, Time: 00:05:20

Health: -3/34      AC:  1    Str: 11    XL:     5   Next: 75%
Magic:  9/9        EV: 12    Int: 15    God:
Gold:   90         SH:  0    Dex: 12    Spells: 3 memorised, 2 levels left

rFire  . . .     SeeInvis .     a - +1 short sword
rCold  . . .     Clarity  .     (no shield)
rNeg   + . .     SustAb   .     (helmet restricted)
rPois  .         Gourm    .     m - amulet of rage {+Rage, !d}
rElec  .         Spirit   .     h - ring of positive energy {rN+}
rCorr  .         Warding  .     (no ring)
rMut   .         Stasis   .     (no ring)
MR     .....                    (no ring)
Stlth  ++++......               (no ring)
                                (no ring)
                                (no ring)
                                (no ring)

@: hasted, very quick, not resistant to hostile enchantments, stealthy
A: almost no armour, amphibious, 8 rings, constrict 8, camouflage 1, gelatinous
body 1
a: Evoke Berserk Rage


You were on level 2 of the Dungeon.
You were not hungry.

You visited 1 branch of the dungeon, and saw 3 of its levels.

You collected 90 gold pieces.

Inventory:

Hand weapons
 a - a +1 short sword (weapon)
Missiles
 e - 5 tomahawks of dispersal {=f}
 k - a throwing net {=f, !d}
Jewellery
 g - an uncursed amulet of stasis {Stasis, !d}
   (You found it on level 1 of the Dungeon)
 h - a ring of positive energy (left tentacle) {rN+}
   (You found it on level 2 of the Dungeon)
 m - an amulet of rage (around mantle) {+Rage, !d}
   (You found it on level 2 of the Dungeon)
Scrolls
 d - 2 scrolls of blinking {!r}
 i - a scroll of remove curse
 n - a scroll of immolation {unknown}
Books
 c - a book of Spatial Translocations
Comestibles
 b - a beef jerky
 f - a bread ration {@e1}
 j - a chunk of flesh {@w0}


   Skills:
 - Level 2.0 Fighting
 - Level 5.0 Short Blades
 - Level 1.0 Throwing
 - Level 2.3 Dodging
 + Level 3.8 Stealth
 - Level 2.0 Spellcasting
 - Level 3.0 Translocations


You had 2 spell levels left.
You knew the following spells:

 Your Spells              Type           Power        Failure   Level  Hunger
a - Teleport Other        Tloc           ##......     21%         3    ###....
b - Blink                 Tloc           N/A          12%         2    ###....
g - Apportation           Tloc           ##........   8%          1    #......


Dungeon Overview and Level Annotations

Branches:
Dungeon (3/15)

Altars:


Innate Abilities, Weirdness & Mutations

You cannot wear most types of armour.
You are amphibious.
You can wear up to eight rings at the same time.
You can use your tentacles to constrict many enemies at once.
Your skin changes colour to match your surroundings (Stealth).
Your rubbery body absorbs attacks (AC +1).


Message History

You are poisoned.
You see here a poisoned tomahawk.
You feel sick.
The orc wizard casts a spell.
The orc wizard blinks!
You take 1 damage, and have 33/34 hp.
The orc wizard casts a spell.
The orc wizard flickers and vanishes!
Deactivating autopickup; reactivate with Ctrl-A.
You feel sick.
The orc throws a poisoned tomahawk.
The poisoned tomahawk closely misses you.
You take 1 damage, and have 32/34 hp.
The orc throws a poisoned tomahawk.
The poisoned tomahawk misses you.
You see here a poisoned tomahawk.
Some of the chunks of flesh in your inventory have rotted away.
You feel sick.
You take 1 damage, and have 31/34 hp.
You feel sick.
The orc wizard points at you and mumbles some strange words.
The magic dart hits you!
You take 8 damage, and have 23/34 hp.
MASSIVE DAMAGE!!
You feel sick.
There is a stone staircase leading up here.
You take 1 damage, and have 22/34 hp.
The orc hits you with a falchion.
You climb upwards.
There is a stone staircase leading down here.
You take 4 damage, and have 18/34 hp.
You barely miss the orc. Your grab misses the orc. You squeeze the orc.
You hit the orc.
You kill the orc!
Your Stealth skill increases to level 3!
You feel sick.
You are no longer poisoned.
You take 1 damage, and have 17/34 hp.
Things that are here:
a falchion; an orc corpse You butcher the orc corpse.
Things that are here:
a falchion; 2 chunks of flesh {@w0} You start resting.
You start resting.
Unknown command.
Health restored: 34
There is a stone staircase leading down here.
You climb downwards.
The orc wizard hits you with a dagger. The giant cockroach barely misses you.
There is a stone staircase leading up here.
You take 4 damage, and have 30/34 hp.
Unknown command.
The giant cockroach barely misses you.
The orc throws a poisoned tomahawk.
The poisoned tomahawk barely misses you.
The orc wizard closely misses you.
You climb upwards.
There is a stone staircase leading down here.
You barely miss the orc wizard. You grab the orc wizard.
You constrict the orc wizard. The giant cockroach closely misses you.
The orc wizard completely misses you.
You hit the orc wizard. You constrict the orc wizard.
The giant cockroach barely misses you. The orc wizard barely misses you.
You completely miss the orc wizard. You squeeze the orc wizard!
You kill the orc wizard!
The giant cockroach bites you.
You take 2 damage, and have 28/34 hp.
The giant cockroach bites you but does no damage.
Things that are here:
a dagger; a robe; 14 gold pieces You closely miss the giant cockroach.
You grab the giant cockroach. You squeeze the giant cockroach.
You kill the giant cockroach!
There is a stone staircase leading down here.
Things that are here:
a dagger; a robe; 14 gold pieces
There is a stone staircase leading down here.
Things that are here:
2 chunks of flesh {@w0}; a falchion
There is a stone staircase leading down here.
Things that are here:
a dagger; a robe; 14 gold pieces There isn't anything to butcher here.
Autopickup is now on.
The gnoll shouts!
The gnoll hits you from afar with a spear.
You take 5 damage, and have 24/34 hp.
The gnoll hits you with a spear!
You take 12 damage, and have 12/34 hp.
MASSIVE DAMAGE!!
You barely miss the gnoll. You grab the gnoll.
You constrict the gnoll, but do no damage.
You hit the gnoll but do no damage. You constrict the gnoll.
The gnoll hits you with a spear!
* * * LOW HITPOINT WARNING * * *
You take 10 damage, and have 2/34 hp.
MASSIVE DAMAGE!!
Drink which item? (? for menu, Esc to quit)
It was a potion of haste.
You feel yourself speed up.
You constrict the gnoll, but do no damage.
The gnoll hits you with a spear.
You die...

##.# #.#.........# #..## #.#
#.#.........# #.### ##.# ###
#...........#####.### .#.#
#.#####..####.#.......... .#.#
##....###.%)..........####
.#.#####..##.#.)>.###...####...##
.#............).#.##..#.# ###...
....####.######...##.##.# ####
....###..# ##@....##.####### #
........## #g..##.........# #
.....#### #....#.........#
.......### ##..............#
#...##..<### #..#.##.........#
##..####...# #.##..#.........#
#...# ###.# ##.###.#.........#
#...# #.###..# #.#.........# #
##...## #.....## #.####.#...####


You could see a gnoll.

Vanquished Creatures
  An orc priest (D:3)
  An orc wizard (D:2)
  5 gnolls
  3 adders
  2 giant geckos
  6 orcs
  7 bats
  3 giant cockroaches
  7 goblins
  7 hobgoblins
  5 kobolds
  2 quokkas
  3 giant newts
  7 rats
59 creatures vanquished.

Notes
Turn   | Place    | Note
--------------------------------------------------------------
     0 | D:1      | RobertPalmer, the Octopode Warper, began the quest for the Orb.
     0 | D:1      | Reached XP level 1. HP: 14/14 MP: 3/3
   447 | D:1      | Reached XP level 2. HP: 13/19 MP: 4/4
   813 | D:1      | Reached skill level 3 in Short Blades
  1360 | D:1      | Reached XP level 3. HP: 24/24 MP: 6/6
  1597 | D:2      | Reached skill level 4 in Short Blades
  1603 | D:2      | HP: 6/24 [poisoned by an adder]
  1871 | D:2      | Reached XP level 4. HP: 29/29 MP: 7/7
  2531 | D:3      | HP: 3/29 [orc priest/divine providence (10)]
  2810 | D:2      | Reached skill level 5 in Short Blades
  2810 | D:2      | Reached XP level 5. HP: 25/34 MP: 9/9
  2821 | D:2      | Learned a level 2 spell: Blink
  2825 | D:2      | Learned a level 3 spell: Teleport Other
  2831 | D:3      | Reached skill level 2 in Stealth
  3067 | D:2      | Reached skill level 3 in Stealth
  3234 | D:2      | HP: 2/34 [gnoll/spear (10)]
  3235 | D:2      | Slain by a gnoll

Action                   |  1- 3 |  4- 6 || total
-------------------------+-------+-------++-------
Melee: Short sword       |    90 |    60 ||   150
  Use: Scroll            |     2 |     2 ||     4
       Potion            |       |     1 ||     1
 Stab: Sleeping          |     1 |     2 ||     3
  Eat: Chunk             |     3 |     4 ||     7

Vault maps used:
D:1:      dpeg_arrival_central
D:2:      kennysheep_generic_room_15
D:3:      overflow_temple_1_default, lightli_temple_of_fire, serial_forest,
          infiniplex_forest_lined_room_2, infiniplex_forest_clump_tiny,
          infiniplex_forest_lined_4_way, infiniplex_forest_3_way,
          infiniplex_forest_straight_2, infiniplex_forest_clump_double,
          infiniplex_forest_zigzag_1, infiniplex_forest_zigzag_2,
          infiniplex_forest_clump_curved, uniq_terence

Table legend:
 A = Turns spent in this place as a percentage of turns spent in the entire game.
 B = Non-inter-level travel turns spent in this place as a percentage of non-inter-level travel turns spent in the entire game.
 C = Inter-level travel turns spent in this place as a percentage of turns spent in this place.
 D = Turns resting spent in this place as a percentage of non-inter-level travel turns spent in this place.
 E = Turns spent auto-exploring this place as a percentage of non-inter-level travel turns spent in this place.
 F = Non-inter-level travel turns spent in this place divided by the number of levels of this place that you've seen.
                   A       B       C       D       E      F
               +-------+-------+-------+-------+-------+----------------------
         Total | 100.0 | 100.0 |   0.9 |   3.9 |   5.4 | 319.7
       Dungeon | 100.0 | 100.0 |   0.9 |   3.9 |   5.4 | 319.7
               +-------+-------+-------+-------+-------+----------------------

Table legend:
 A = Kills in this place as a percentage of kills in entire the game.
 B = Kills by you in this place as a percentage of kills by you in the entire game.
 C = Kills by friends in this place as a percentage of kills by friends in the entire game.
 D = Other kills in this place as a percentage of other kills in the entire game.
 E = Experience gained in this place as a percentage of experience gained in the entire game.
 F = Experience gained in this place divided by the number of levels of this place that you have seen.
                   A       B       C       D       E      F
               +-------+-------+-------+-------+-------+----------------------
         Total | 100.0 | 100.0 |  -nan |  -nan | 100.0 |  93.7
       Dungeon | 100.0 | 100.0 |  -nan |  -nan | 100.0 |  93.7
               +-------+-------+-------+-------+-------+----------------------
